 Dungeon Crawl Stone Soup version 0.27-a0-1590-g15f69828bf (webtiles) character file.

Game seed: 15221852645182743708

67 duskshroud the Shield-Bearer (level 4, -2/35 HPs)
             Began as a Human Fighter on July 19, 2021.
             Slain by Robin (5 damage)
             ... on level 3 of the Dungeon.
             The game lasted 00:07:02 (2072 turns).

duskshroud the Shield-Bearer (Human Fighter)        Turns: 2072, Time: 00:07:03

Health: -2/35      AC: 11    Str: 18    XL:     4   Next: 38%
Magic:  13/13      EV:  4    Int:  8    God:
Gold:   65         SH:  9    Dex: 12    Spells: 3/3 levels left

rFire    . . .     SeeInvis .   b - +0 spear
rCold    . . .     Faith    +   c - +0 kite shield
rNeg     . . .     Spirit   .   q - +0 chain mail
rPois    .         Reflect  .   (no helmet)
rElec    .         Harm     .   f - +0 cloak
rCorr    .         Rampage  .   e - +0 pair of gloves
Will     .....                  (no boots)
Stlth    ..........             h - amulet of faith
HPRegen  0.11/turn              m - ring of magical power
MPRegen  0.13/turn              (no ring)

@: no status effects
A: no striking features
a: no special abilities


You were on level 3 of the Dungeon.
You visited 1 branch of the dungeon, and saw 3 of its levels.

You collected 65 gold pieces.

Inventory:

Hand Weapons
 a - a +0 trident
 b - a +0 spear (weapon)
Armour
 c - a +0 kite shield (worn)
 e - a +0 pair of gloves (worn)
 f - a +0 cloak (worn)
 q - a +0 chain mail (worn)
Jewellery
 g - an amulet of magic regeneration
 h - an amulet of faith (around neck)
 m - a ring of magical power (left hand)
Scrolls
 i - a scroll of vulnerability {unknown}
 j - a scroll of enchant armour {unknown}
 l - a scroll of immolation {unknown}
 p - 3 scrolls of identify {unknown}
Potions
 d - a potion of might
 k - a potion of haste {unknown}
 n - 2 potions of flight {unknown}
 o - a potion of curing {unknown}


   Skills:
 + Level 3.5 Fighting
 * Level 3.4 Polearms
 - Level 3.0 Armour
 + Level 3.5 Shields


You had 3 spell levels left.
You didn't know any spells.
Your spell library was empty.

Dungeon Overview and Level Annotations

Branches:
Dungeon (3/15)

Altars:

Annotations:
D:3 Robin


Message History

Robin is moderately wounded.
The hobgoblin shouts!
You block Robin's attack. x2
You barely miss Robin.
Robin is moderately wounded.
Robin hits you but does no damage.
You hit Robin but do no damage.
Robin is moderately wounded.
A goblin comes into view. It is wielding a +0 club.
Robin roars a battlecry!
The goblin goes into a battle-frenzy!
You hit Robin.
Robin is moderately wounded.
Robin hits you but does no damage.
Items here: ))) †††.
You barely miss Robin.
Robin is moderately wounded.
Robin hits you but does no damage.
Robin's horned helmet rattles.
Robin throws the goblin at you!
You closely miss the goblin. The goblin hits you with a +0 club.
You closely miss Robin.
Robin is moderately wounded.
The goblin hits you with a +0 club. Robin hits you but does no damage.
You hit Robin but do no damage.
Robin is moderately wounded.
The goblin hits you with a +0 club. Robin hits you but does no damage.
You barely miss the goblin. The goblin hits you with a +0 club.
Robin hits you with a +0 club.
You hit the goblin.
The goblin is severely wounded.
The goblin hits you with a +0 club.
* * * LOW HITPOINT WARNING * * *
You block Robin's attack.
You hit the goblin.
You kill the goblin!
Robin hits you with a +0 club.
* * * LOW HITPOINT WARNING * * *
Robin hits you with a +0 club.
You die...

###########
#.ggg@)...#
##.######.#
#...# #.#
#g...###.#
#.#..#...#
.g...#.###
#.#..#.#
#.# .#.#
... ##.#
###


You could see Robin and 2 hobgoblins.

Vanquished Creatures
  A worm (D:2)
  3 dart slugs
  2 endoplasms
  A giant cockroach (D:2)
  12 goblins
  5 hobgoblins
  4 jackals (D:2)
  4 kobolds
  A quokka (D:2)
  6 ball pythons
  6 bats
  3 frilled lizards
  8 rats
56 creatures vanquished.

Vanquished Creatures (others)
  A plant (D:3)
1 creature vanquished.

Grand Total: 57 creatures vanquished

Notes
Turn   | Place    | Note
-------+----------+-------------------------------------------
     0 | D:1      | duskshroud the Human Fighter began the quest for the Orb.
     0 | D:1      | Reached XP level 1. HP: 18/18 MP: 1/1
   152 | D:1      | Reached XP level 2. HP: 21/24 MP: 2/2
   326 | D:1      | Found a faded altar of an unknown god.
   612 | D:1      | Reached XP level 3. HP: 29/29 MP: 3/3
   919 | D:2      | Reached XP level 4. HP: 17/35 MP: 4/4
  2037 | D:3      | Noticed Robin
  2072 | D:3      | Slain by Robin

Illustrated notes

Levels and vault maps discovered:
D:1:      minmay_arrival_hallway, layout_basic,
          hellmonk_ecumenical_altar_heavens_door, minmay_misc_feat_pillars,
          chequers_garden
D:2:      layout_basic, minmay_fractal_squares_5
D:3:      layout_basic, mainiacjoe_overflow_brackets, serial_bayou_pond_a,
          uniq_natasha, uniq_robin

Skill      XL: |  1  2  3 |
---------------+----------+-----
Polearms       | 3 |  3.4
Fighting       | |  3.5
Armour         | |  3.0
Shields        | |  3.5

Action                   |  1- 3 |  4- 6 || total
-------------------------+-------+-------++-------
Melee: Trident           |   104 |    11 ||   115
       Spear             |       |    51 ||    51
Armor: Scale mail        |    28 |     2 ||    30
       Chain mail        |       |    19 ||    19
Dodge: Dodged            |    21 |     5 ||    26
Block: Kite shield       |    43 |    20 ||    63

Table legend: (Time is in decaauts)
 A = Elapsed time spent in this place.
 B = Non-inter-level travel time spent in this place.
 C = Inter-level travel time spent in this place.
 D = Time resting spent in this place.
 E = Time spent auto-exploring this place.
 F = Levels seen in this place.
 G = Mean time per level.
                   A        B        C        D        E       F      G
               +--------+--------+--------+--------+--------+-----+--------+
         Total |   2124 |   2075 |     49 |    361 |   1078 |   3 |  708.0 |
       Dungeon |   2124 |   2075 |     49 |    361 |   1078 |   3 |  708.0 |
               +--------+--------+--------+--------+--------+-----+--------+

Top non-repeatable levels by time:
     D:2: 1015 daAuts
     D:1: 745 daAuts
     D:3: 364 daAuts
